Match 36565047
Unlisted

Match 36565047
End
Royal Engineer Section
Selects Australian Defense Battlegroup
Selects Australian Light Infantry Section
Australian Light Infantry Section
Australian Light Infantry Section
Construct Field Infirmary
Australian Light Infantry Section
Construct Section Command Post
Selects Defensive Tactics
Construct Platoon Command Post
Selects Hold the Line!
BROKEN
Bruistablet
zypnix
Faded Tiger
0
0

Comments sign in to comment!

No comments posted yet!